 Dungeon Crawl Stone Soup version 0.26.0-3-g156281e41b (webtiles) character file.

Game seed: 13951544572287285668

1794 Acheron the Sneak (level 9, -1/44 HPs)
             Began as a Vine Stalker Brigand on Jan 10, 2021.
             Was a Follower of Cheibriados.
             Slain by a gnoll sergeant
             ... wielding a +0 vorpal trident
              (7 damage)
             ... on level 5 of the Dungeon.
             The game lasted 00:31:17 (4637 turns).

Acheron the Sneak (Vine Stalker Brigand)            Turns: 4637, Time: 00:31:18

Health: -1/44      AC:  5    Str: 16    XL:     9   Next: 9%
Magic:  0/13       EV: 14    Int: 15    God:    Cheibriados [*.....]
Gold:   172        SH:  5    Dex: 22    Spells: 12/12 levels left

rFire    + + .     SeeInvis .   a - +3 dagger
rCold    + . .     Faith    .   (no shield)
rNeg     . . .     Spirit   +   m - +0 leather armour
rPois    .         Reflect  +   q - +0 helmet
rElec    .         Harm     .   h - scarf {rC+ rF+}
rCorr    .         Rampage  .   l - +0 pair of gloves
Will     +....                  (no boots)
Stlth    ++++......             v - amulet of reflection
HPRegen  0.54/turn              A - ring of protection from fire
MPRegen  0.13/turn              (no ring)

@: very slow
A: fangs 3, regeneration 1, magic shield, antimagic bite, no potion heal 3
a: Renounce Religion, Bend Time


You were on level 5 of the Dungeon.
You worshipped Cheibriados.
Cheibriados was aware of your devotion.
You visited 1 branch of the dungeon, and saw 7 of its levels.

You collected 375 gold pieces.
You spent 203 gold pieces at shops.

Inventory:

Hand Weapons
 a - a +3 dagger (weapon)
 i - a +0 spear
 p - a +0 hand axe
 H - a +2 whip of flaming
Missiles
 d - 36 poisoned darts (quivered)
 e - 2 curare-tipped darts
 g - 133 stones
 n - 39 sling bullets
 y - 3 atropa-tipped darts
Armour
 c - a +1 cloak
 f - a +0 kite shield
 h - a scarf of resistance (worn)
 l - a +0 pair of gloves (worn)
 m - a +0 leather armour (worn)
 q - a +0 helmet (worn)
Jewellery
 v - an amulet of reflection (around neck)
 A - a ring of protection from fire (left hand)
Wands
 b - a wand of enslavement (11)
 o - a wand of iceblast (7)
 D - a wand of disintegration (7)
Scrolls
 j - 2 scrolls of remove curse
 r - a scroll of fear
 z - 6 scrolls of identify
 E - a scroll of enchant armour
 F - a scroll of enchant weapon
Potions
 k - a potion of invisibility {unknown}
 s - 2 potions of lignification
 t - 4 potions of curing
 u - 4 potions of might
 w - a potion of cancellation
 x - a potion of magic
 B - a potion of brilliance
 C - a potion of resistance {unknown}
 G - a potion of heal wounds {unknown}


   Skills:
 * Level 3.2 Fighting
 * Level 5.5 Short Blades
 * Level 3.5 Throwing
 + Level 2.2 Armour
 * Level 3.2 Dodging
 * Level 7.6 Stealth
 * Level 2.1 Shields
 * Level 2.3 Spellcasting
 * Level 2.4 Invocations
 * Level 2.1 Evocations


You had 12 spell levels left.
You didn't know any spells.
Your spell library contained the following spells:

 Spells                   Type           Power        Failure   Level
 Corona                   Hex            1%           26%         1
 Ensorcelled Hibernation  Hex/Ice        2%           38%         2
 Confusing Touch          Hex            1%           63%         3
 Dazzling Flash           Conj/Hex       2%           63%         3
 Tukima's Dance           Hex            1%           63%         3


Dungeon Overview and Level Annotations

Branches:
Dungeon (7/15)
 Temple: D:4-7

Altars:
Cheibriados
Elyvilon
Okawaru
Wu Jian
Yredelemnul

Shops:
D:4 ?(*!*


Innate Abilities, Weirdness & Mutations

You have razor-sharp teeth.
Your natural rate of healing is unusually fast.
When hurt, damage is shared between your health and your magic reserves.
Your bite disrupts and absorbs the magic of your enemies.
Potions cannot restore your health.


Message History

The gnoll is almost dead.
The gnoll misses you.
The gnoll sergeant hits you from afar with a +0 vorpal trident!
You hit the gnoll but do no damage. Your bite misses the gnoll.
The gnoll is almost dead.
The gnoll hits you with a +0 spear.
* * * LOW HITPOINT WARNING * * *
Unknown command.
You feel sick. The gnoll misses you.
The gnoll sergeant hits you from afar with a +0 vorpal trident!
* * * LOW HITPOINT WARNING * * *
x2 You feel sick.
You are no longer poisoned.
Things that are here:
a +2 whip of flaming; a +0 robe; the big kobold corpse of Pikel
H - a +2 whip of flaming The gnoll sergeant hits you from afar with a +0 vorpal trident.
* * * LOW HITPOINT WARNING * * *
x2 The gnoll sergeant hits you from afar with a +0 vorpal trident!
You die...

#..5..###....g....#.########.
#.5...# ##.......##.##
#K##### #..####)##..# ...
.....# #g###.# ##. ####.# #g#
#.# # #.....# #.# #.# #.# #
#..... ..####g###(### # #....
###..g.).....# # #...
#@#####.....# # #..# #.#
##..)... # #..## #.#
#.##....#
###...##########.##. #.##
..............#.#..# .#.#
###...#######..##.## #.. #
##### ###.#..###.# #... #
##.##.#.# #.g.g # #.##...#
#....


You could see a gnoll sergeant and a gnoll.

Vanquished Creatures
  Pikel (D:5)
  Prince Ribbit (D:5)
  An ice beast (D:6)
  2 sky beasts
  A necrophage (D:6)
  A phantom (D:4)
  Blork the orc (D:5)
  A howler monkey (D:5)
  A centaur zombie (D:6)
  An orc priest (D:3)
  7 hounds
  An iguana (D:4)
  2 worker ants (D:6)
  A killer bee zombie (D:7)
  Robin (D:2)
  10 gnolls
  3 adders
  2 adder skeletons
  4 dart slugs
  3 leopard geckos
  10 orcs
  A ball python (D:4)
  2 bats
  4 giant cockroaches
  9 hobgoblins
  7 jackals
  A quokka (D:3)
  3 frilled lizards (D:1)
  10 goblins
  A jackal skeleton (D:4)
  3 kobolds (D:1)
  2 quokka skeletons
  5 rats (D:1)
103 creatures vanquished.

Vanquished Creatures (others)
  13 plants
13 creatures vanquished.

Grand Total: 116 creatures vanquished

Notes
Turn   | Place    | Note
-------+----------+-------------------------------------------
     0 | D:1      | Acheron the Vine Stalker Brigand began the quest for the
                  | Orb.
     0 | D:1      | Reached XP level 1. HP: 11/11 MP: 2/2
    34 | D:1      | Reached skill level 5 in Stealth
   184 | D:1      | Reached XP level 2. HP: 11/15 MP: 3/3
   627 | D:1      | Reached skill level 1 in Dodging
   665 | D:1      | Reached XP level 3. HP: 10/18 MP: 4/4
  1394 | D:2      | Noticed Robin
  1408 | D:2      | Killed Robin
  1409 | D:2      | Reached skill level 6 in Stealth
  1409 | D:2      | Gained mutation: Your natural rate of healing is unusually
                  | fast. [Vine Stalker growth]
  1409 | D:2      | Reached XP level 4. HP: 12/23 MP: 3/5
  1967 | D:3      | Reached XP level 5. HP: 26/26 MP: 6/6
  2228 | D:4      | Found Rablihuecs's Distillery.
  2240 | D:4      | Bought a potion of curing for 30 gold pieces
  2240 | D:4      | Bought a potion of might for 40 gold pieces
  2240 | D:4      | Bought a potion of curing for 30 gold pieces
  2240 | D:4      | Bought a potion of might for 40 gold pieces
  2256 | D:4      | Noticed a phantom
  2348 | D:4      | Killed a phantom
  2349 | D:4      | Reached skill level 1 in Armour
  2349 | D:4      | Reached XP level 6. HP: 24/30 MP: 7/7
  2420 | D:5      | Entered Level 5 of the Dungeon
  2685 | D:5      | Noticed Pikel
  2694 | D:5      | Noticed Prince Ribbit
  2695 | D:5      | Noticed an ice beast
  2728 | D:3      | Found a snail-covered altar of Cheibriados.
  2728 | D:3      | Found an iron altar of Okawaru.
  2767 | D:3      | Became a worshipper of Cheibriados the Contemplative
  2916 | D:4      | Found Rezymau Arou's Assorted Antiques.
  2927 | D:4      | Bought a red potion for 19 gold pieces
  3180 | D:4      | Found Ruojuir's Magic Scroll Shop.
  3189 | D:4      | Bought a scroll of identify for 22 gold pieces
  3189 | D:4      | Bought a scroll of identify for 22 gold pieces
  3222 | D:4      | Found Riuxti's Assorted Antiques.
  3273 | D:4      | Found Yseseiph's Antique Weapon Emporium.
  3398 | D:5      | HP: 1/30 [Prince Ribbit (9)]
  3457 | D:5      | Noticed Blork the orc
  3518 | D:6      | Reached XP level 7. HP: 35/35 MP: 8/8
  3689 | D:6      | Found a basalt altar of Yredelemnul.
  3689 | D:6      | Found an ornate altar of the Wu Jian Council.
  3745 | D:6      | Reached skill level 7 in Stealth
  3745 | D:6      | Reached skill level 1 in Shields
  3745 | D:6      | Reached skill level 1 in Spellcasting
  3745 | D:6      | Reached skill level 1 in Invocations
  3797 | D:6      | Found a white marble altar of Elyvilon.
  3829 | D:6      | Reached * piety under Cheibriados
  3930 | D:6      | Reached skill level 1 in Evocations
  3948 | D:6      | Gained mutation: You have razor-sharp teeth. [Vine Stalker
                  | growth]
  3948 | D:6      | Reached XP level 8. HP: 21/39 MP: 8/11
  4417 | D:5      | Killed Blork the orc
  4513 | D:5      | Found an iron altar of Okawaru.
  4539 | D:5      | Killed Prince Ribbit
  4540 | D:5      | Reached skill level 5 in Short Blades
  4604 | D:5      | Killed Pikel
  4605 | D:5      | Reached XP level 9. HP: 40/44 MP: 11/13
  4637 | D:5      | Slain by a gnoll sergeant

Illustrated notes

Levels and vault maps discovered:
D:1:      saegor_arrival_miasma, layout_basic, minmay_misc_feat_roman,
          minmay_misc_feat_hallway
D:2:      layout_loops_cross, serial_undead, serial_undead_d, serial_undead_c,
          serial_undead_e, serial_undead_e, serial_undead_a, serial_undead_a,
          serial_undead_d, chequers_ecumenical_altar_simple, uniq_robin,
          uniq_crazy_yiuf_cottage
D:3:      layout_basic, nicolae_overflow_hidden_temple
D:4:      layout_loops_ring, serial_shops, shop, kennysheep_little_box,
          nicolae_shop_trees, shop, shop, minmay_hedge_maze, corner_web_ring
D:5:      layout_loops_ring, kennysheep_mini, okawaru_gym_becter, uniq_pikel,
          uniq_prince_ribbit1, uniq_blork_the_orc, uniq_menkaure
D:6:      layout_basic, elyvilon_altar_1, gammafunk_temple_overflow_wave,
          serial_shops, nicolae_shop_statue_plus, serial_bayou_pond_c,
          nicolae_lava_and_water
D:7:      layout_basic, minmay_temple_entry_oklob

Skill      XL: |  1  2  3  4  5  6  7  8 |
---------------+-------------------------+-----
Stealth        | 5 6 7 |  7.6
Short Blades   | 2 3 4 5 |  5.5
Dodging        | 1 2 3 |  3.2
Throwing       | 2 3 |  3.5
Fighting       | 2 3 |  3.2
Armour         | 1 2 |  2.2
Shields        | 1 2 |  2.1
Spellcasting   | 1 2 |  2.3
Invocations    | 1 2 |  2.4
Evocations     | 1 2 |  2.1

Action                   |  1- 3 |  4- 6 |  7- 9 || total
-------------------------+-------+-------+-------++-------
Melee: Dagger            |   100 |   205 |   226 ||   531
       Bite              |    27 |    70 |    81 ||   178
Throw: Dart              |       |    17 |       ||    17
Invok: Bend Time         |       |       |     2 ||     2
  Use: Scroll            |       |    18 |       ||    18
 Stab: Sleeping          |     7 |     3 |     2 ||    12
Armor: Robe              |     8 |       |       ||     8
       Leather armour    |     3 |    26 |    37 ||    66
Dodge: Dodged            |    43 |    88 |    91 ||   222
Block: Other             |       |    26 |    36 ||    62
